 Dungeon Crawl Stone Soup version 0.20-a0-967-g62cfa5d (webtiles) character file.

6514 Lifeless the Cleaver (level 11, -10/87 HPs)
             Began as a Human Wanderer on Apr 7, 2017.
             Was a Follower of Trog.
             Mangled by Lifeless's ghost (17 damage)
             ... on level 10 of the Dungeon.
             The game lasted 01:00:58 (12984 turns).

Lifeless the Cleaver (Human Wanderer)              Turns: 12984, Time: 01:00:59

Health: -10/87     AC: 12    Str: 14    XL:     11   Next: 20%
Magic:  11/11      EV: 13    Int: 14    God:    Trog [*.....]
Gold:   635        SH:  5    Dex: 13    Spells: 10/10 levels left

rFire    + . .     SeeInvis +   b - +0 war axe
rCold    + . .     Gourm    .   I - +2 buckler
rNeg     . . .     Faith    .   p - +3 ring mail {rC+}
rPois    .         Spirit   .   (no helmet)
rElec    .         Reflect  .   g - +0 cloak
rCorr    .         Harm     .   (no gloves)
MR       .....                  D - +0 pair of boots
Stlth    +.........             A - amulet of regeneration
Regen    0.7/turn               B - ring of protection from fire
MPRegen  0.2/turn               r - ring of see invisible

@: exhausted, about to teleport, slowed, very slow
A: no striking features
a: Berserk, Burn Spellbooks, Renounce Religion


You were on level 10 of the Dungeon.
You worshipped Trog.
Trog was aware of your devotion.
You were hungry.

You visited 2 branches of the dungeon, and saw 11 of its levels.

You collected 635 gold pieces.

Inventory:

Hand Weapons
 a - a +3 dagger of venom
 b - a +0 war axe (weapon)
Missiles
 G - 3 throwing nets (quivered)
Armour
 g - a +0 cloak (worn)
 i - a +0 plate armour
 p - a +3 ring mail of cold resistance (worn)
 D - a +0 pair of boots (worn)
 I - a +2 buckler (worn)
Jewellery
 r - a ring of see invisible (right hand)
 A - an amulet of regeneration (around neck)
 B - a ring of protection from fire (left hand)
Wands
 v - a wand of confusion (24/48)
 y - a wand of acid (9/15)
 E - a wand of lightning (0/15)
 F - a wand of disintegration (11/24)
Scrolls
 c - a scroll of teleportation
 h - 8 scrolls of remove curse
 q - 2 scrolls of recharging
 t - a scroll of immolation
 J - a scroll of fear
Potions
 d - 2 potions of mutation
 e - 3 potions of agility
 j - a potion of ambrosia {unknown}
 k - 2 potions of cancellation
 l - 6 potions of curing
 m - 4 potions of haste
 n - 2 potions of berserk rage {unknown}
 o - 3 potions of heal wounds
 w - a potion of degeneration {unknown}
 z - a potion of lignification {unknown}
 C - a potion of flight {unknown}
Comestibles
 f - 10 bread rations
 s - 9 chunks of flesh
 u - 3 royal jellies
 x - 3 meat rations
 H - 4 fruits


   Skills:
 + Level 8.4 Fighting
 * Level 10.0 Axes
   Level 1.0 Staves
 - Level 1.0 Throwing
 + Level 7.5 Armour
 + Level 7.2 Dodging
 - Level 1.0 Stealth
   Level 2.0 Transmutations
   Level 1.0 Fire Magic


You had 10 spell levels left.
You didn't know any spells.

Dungeon Overview and Level Annotations

Branches:
Dungeon (10/15)            Temple (1/1) D:5
   Lair: D:8-11         Orc: D:9-12

Altars:
Ashenzari
Cheibriados
Dithmenos
Elyvilon
Fedhas
Gozag
Hepliaklqana
Kikubaaqudgha
Makhleb
Nemelex Xobeh
Okawaru
Qazlal
Ru
Sif Muna
Trog
Uskayaw
Vehumet
Wu Jian
Xom
Yredelemnul
Zin
The Shining One

Shops:
D:6 =   D:7 }   D:10 ?

Annotations:
D:6 Grinder
D:10 Lifeless's ghost, journeyman BuBe


Message History

Lifeless's ghost hits you! Lifeless's ghost freezes you.
* * * LOW HITPOINT WARNING * * *
Lifeless's ghost hits you but does no damage.
You slash Lifeless's ghost!
Lifeless's ghost is almost destroyed.
Lifeless's ghost hits you.
* * * LOW HITPOINT WARNING * * *
Lifeless's ghost hits you but does no damage.
Lifeless's ghost hits you!
* * * LOW HITPOINT WARNING * * *
Lifeless's ghost freezes you.
* * * LOW HITPOINT WARNING * * *
Lifeless's ghost says, "Try not to bleed too much."
Lifeless's ghost hits you!
* * * LOW HITPOINT WARNING * * *
Lifeless's ghost freezes you.
* * * LOW HITPOINT WARNING * * *
As you read the scroll of teleportation, it crumbles to dust.
You feel strangely unstable. Lifeless's ghost hits you!
You die...

###########
#.........#
#.........###
#.........'?#
#.........#
#.........#
#.........#
#.........#
#..@W..)..#
##'########
#....##
####..#
####'##
#.....#
#.....#
#.....#
#<....####


You could see Lifeless's ghost.

Vanquished Creatures
  Harold (D:10)
  Erica (D:9)
  A troll (D:8)
  3 hippogriffs
  A hungry ghost (D:9)
  6 yaks (D:9)
  Edmund (D:6)
  Duvessa (D:6)
  A water moccasin (D:9)
  2 orc warriors
  3 black bears
  2 sky beasts
  5 ogres
  2 centaurs
  5 bullfrogs
  Dowan (D:6)
  A scorpion (D:5)
  4 howler monkeys
  3 crimson imps
  A quasit (D:9)
  A bullfrog zombie (D:6)
  A jelly (D:7)
  12 orc wizards
  5 orc priests
  2 bullfrog skeletons
  2 hounds
  Jessica (D:3)
  A centaur skeleton (D:8)
  2 iguanas
  6 worker ants
  A killer bee zombie (D:6)
  A hound skeleton (D:4)
  A worker ant zombie (D:9)
  13 adders
  2 shadow imps (D:9)
  An adder zombie (D:9)
  2 adder skeletons
  2 worms
  3 dart slugs
  5 leopard geckos
  28 orcs
  3 bats
  4 giant cockroaches
  13 goblins
  7 hobgoblins
  10 jackals
  5 quokkas
  4 frilled lizards
  7 kobolds
  A leopard gecko skeleton (D:5)
  A leopard gecko zombie (D:5)
  A quokka skeleton (D:6)
  9 rats
202 creatures vanquished.

Vanquished Creatures (others)
  A sky beast (D:5)
  A jackal (D:5)
2 creatures vanquished.

Grand Total: 204 creatures vanquished

Notes
Turn   | Place    | Note
-------+----------+-------------------------------------------
     0 | D:1      | Lifeless the Human Wanderer began the quest for the Orb.
     0 | D:1      | Lifeless set off with: a +2 quarterstaff, a potion of curing, a scroll of teleportation, a +0 robe, a bread ration
     0 | D:1      | Reached XP level 1. HP: 19/19 MP: 1/1
   189 | D:1      | Reached XP level 2. HP: 11/25 MP: 2/2
   438 | D:1      | Reached skill level 1 in Armour
   658 | D:1      | Reached skill level 1 in Dodging
   700 | D:1      | Reached XP level 3. HP: 29/30 MP: 3/3
  1152 | D:1      | Reached skill level 1 in Axes
  1802 | D:2      | Reached XP level 4. HP: 34/38 MP: 4/4
  1898 | D:2      | Found a stormy altar of Qazlal.
  1901 | D:2      | Noticed an earth elemental
  1902 | D:2      | Noticed a fire elemental
  1902 | D:2      | Noticed a water elemental
  1902 | D:2      | Noticed an air elemental
  2274 | D:2      | Reached skill level 2 in Axes
  2321 | D:2      | Reached XP level 5. HP: 39/43 MP: 5/5
  2710 | D:2      | Found an ancient bone altar of Kikubaaqudgha.
  3266 | D:3      | Found a hazy altar of Hepliaklqana.
  3274 | D:3      | Noticed Jessica
  3282 | D:3      | Killed Jessica
  3555 | D:4      | Found a white marble altar of Elyvilon.
  3648 | D:4      | Reached XP level 6. HP: 29/50 MP: 6/6
  4303 | D:4      | Reached skill level 3 in Axes
  4446 | D:4      | Reached skill level 5 in Fighting
  4629 | D:4      | Reached XP level 7. HP: 47/56 MP: 7/7
  4824 | D:5      | Entered Level 5 of the Dungeon
  4890 | D:5      | Found a radiant altar of Vehumet.
  4939 | D:5      | Reached skill level 4 in Axes
  5101 | D:5      | Found a staircase to the Ecumenical Temple.
  5138 | Temple   | Entered the Ecumenical Temple
  5815 | D:5      | Found a shadowy altar of Dithmenos.
  6305 | D:6      | Reached XP level 8. HP: 56/63 MP: 8/8
  6353 | D:6      | Found a shattered altar of Ashenzari.
  6353 | D:6      | Noticed Dowan
  6448 | D:6      | Found Sicec's Jewellery Shop.
  6495 | D:6      | Killed Dowan
  6511 | D:6      | Noticed Duvessa
  6522 | D:6      | Noticed Edmund
  6641 | D:6      | Killed Edmund
  6641 | D:6      | Reached skill level 5 in Axes
  6787 | D:6      | Killed Duvessa
  7110 | D:6      | Noticed Grinder
  7129 | D:6      | Paralysed by Grinder for 7 turns
  7455 | D:6      | Reached skill level 6 in Axes
  7461 | D:6      | Reached XP level 9. HP: 46/69 MP: 9/9
  8009 | D:6      | Reached skill level 5 in Armour
  8503 | D:7      | Found Diwareto's Gadget Emporium.
  8800 | D:7      | Found a basalt altar of Yredelemnul.
  9161 | D:7      | Reached skill level 5 in Dodging
  9405 | D:7      | Noticed a white ugly thing
 10173 | D:8      | Reached skill level 7 in Axes
 10197 | D:8      | Found a sacrificial altar of Ru.
 10324 | D:8      | Noticed a hippogriff
 10336 | D:8      | Killed a hippogriff
 10379 | D:8      | Found a sparkling altar of Nemelex Xobeh.
 10380 | D:8      | Found a glowing silver altar of Zin.
 10453 | D:8      | Noticed a troll
 10470 | D:8      | Killed a troll
 10934 | D:9      | Reached XP level 10. HP: 55/79 MP: 10/10
 11070 | D:9      | Reached skill level 8 in Axes
 11258 | D:9      | Paralysed by fainting for 7 turns
 11349 | D:9      | Noticed Erica
 11349 | D:9      | Found an opulent altar of Gozag.
 11395 | D:9      | Killed Erica
 11425 | D:9      | Found a bloodstained altar of Trog.
 11487 | D:9      | Became a worshipper of Trog the Wrathful
 11606 | D:9      | Reached skill level 9 in Axes
 12002 | D:9      | Reached * piety under Trog
 12451 | D:10     | Entered Level 10 of the Dungeon
 12635 | D:10     | Reached XP level 11. HP: 86/86 MP: 11/11
 12855 | D:10     | Noticed Harold
 12879 | D:10     | Killed Harold
 12879 | D:10     | Reached skill level 10 in Axes
 12934 | D:10     | Found Viap's Magic Scroll Shoppe.
 12957 | D:10     | Noticed Lifeless's ghost (journeyman BuBe)
 12984 | D:10     | Mangled by Lifeless's ghost

Vault maps used:
D:1:      dpeg_arrival_water_fire, minivault_11
D:2:      lemuel_coloured_pillars_altar, nicolae_qazlal_style_of_elements
D:3:      lemuel_doored_altar, uniq_jessica
D:4:      marbit_many_paths
D:5:      nicolae_dithmenos_shadow_blocks, fiery_altar_vehumet,
          minmay_temple_entry_statues_pillars, first_bread
D:6:      ashenzari_conservatory_becter, serial_shops, nicolae_shop_crystal,
          uniq_edmund, uniq_duvessa, uniq_grinder
D:7:      kennysheep_little_box, serial_shops, shop, minmay_three_doors
D:8:      nicolae_ru_path_of_blood, gammafunk_temple_overflow_statue
D:9:      old_standard_altar, bloody_trog, grunt_ogre_cave, uniq_erica
D:10:     serial_shops, shop, uniq_harold, uniq_sonja
Temple:   grunt_temple_mini_profane

Skill      XL: |  1  2  3  4  5  6  7  8  9 10 11 |
---------------+----------------------------------+-----
Armour         | 1 2 3 4 6 7 |  7.5
Dodging        | 1 2 3 4 5 7 |  7.2
Axes           | 1 2 3 4 6 7 9 10 | 10.0
Fighting       | 5 6 7 8 |  8.4
Staves         | |  1.0
Throwing       | |  1.0
Stealth        | |  1.0
Transmutations | |  2.0
Fire Magic     | |  1.0

Action                   |  1- 3 |  4- 6 |  7- 9 | 10-12 || total
-------------------------+-------+-------+-------+-------++-------
Melee: Quarterstaff      |    53 |       |       |       ||    53
       Dagger            |    39 |   119 |   377 |   302 ||   837
       Hand axe          |       |       |     4 |       ||     4
       War axe           |       |       |       |    65 ||    65
Invok: Burn Spellbooks   |       |       |       |     2 ||     2
       Berserk           |       |       |       |     2 ||     2
Evoke: Wand              |       |       |     7 |       ||     7
  Use: Scroll            |     1 |     1 |    12 |     5 ||    19
       Potion            |       |     1 |       |     1 ||     2
 Stab: Sleeping          |       |     2 |       |       ||     2
  Eat: Chunk             |     2 |     8 |    18 |    10 ||    38
       Fruit             |       |     1 |     3 |     1 ||     5
       Royal jelly       |       |       |       |     1 ||     1
Armor: Robe              |    21 |    18 |       |       ||    39
       Ring mail         |       |     6 |   130 |   166 ||   302
       Leather armour    |       |     5 |       |       ||     5
       Scale mail        |       |       |    32 |       ||    32
Dodge: Dodged            |    69 |    85 |   231 |   262 ||   647
Block: Buckler           |       |       |       |    17 ||    17
